AoeStats
← jonafaca

Arena

510601450Analyzed
2v2 RM · 1d ago on Oct 1, 2026· 42m 48s· 4 players
Game mode
Random Map
Map size
Medium (4 player)
Population
200
Speed
Normal
Resources
Standard
Victory
Conquest
Starting age
Dark Age
Ending age
Imperial Age
RankedLock teamsTeams togetherTeam positionsShared explorationLock speedFull tech treeHidden civsTurbo modeCheats
Victory
Defeat
🇩🇪 Huns · Germany
1095
+13
🇩🇪 Japanese · Germany
1068
+14
🇦🇷 Bulgarians · Argentina
1046
-32
🇦🇷 Bulgarians · Argentina
1006
-13
^PenXpro_iWnL_^
10:57 Feudal Age
15:09 Castle Age
13:50 Double-Bit Axe
15:11 Horse Collar
16:31 Bow Saw
22:44 Forging
22:39 Scale Barding Armor
24:43 Gold Mining
24:56 Heavy Plow
25:12 Stone Mining
29:59 Imperial Age
29:06 Gold Shaft Mining
31:29 Iron Casting
31:14 Chain Barding Armor
30:56 Scale Mail Armor
31:50 Wheelbarrow
31:47 Crop Rotation
33:25 Stirrups
33:52 Conscription
34:42 Elite Konnik
36:31 Blast Furnace
36:39 Plate Barding Armor
37:07 Husbandry
37:17 Bloodlines
jonafaca
11:27 Feudal Age
17:28 Castle Age
16:08 Double-Bit Axe
16:30 Horse Collar
19:20 Gold Mining
26:40 Stone Mining
32:35 Scale Mail Armor
32:46 Forging
32:43 Scale Barding Armor
35:55 Chain Mail Armor
39:22 Heavy Plow
Mavinga
10:47 Feudal Age
14:54 Castle Age
13:23 Double-Bit Axe
14:04 Loom
15:07 Horse Collar
15:21 Light Cavalry
17:12 Bow Saw
18:43 Heavy Plow
23:24 Wheelbarrow
24:32 Bloodlines
24:23 Husbandry
25:44 Town Watch
26:15 Hand Cart
26:13 Fletching
27:02 Bodkin Arrow
33:13 Imperial Age
30:56 Scale Barding Armor
31:01 Forging
30:52 Padded Archer Armor
31:30 Ballistics
32:47 Chain Barding Armor
34:18 Bracer
35:21 Chemistry
34:20 Heavy Cavalry Archer
36:12 Plate Barding Armor
37:00 Hussar
37:55 Masonry
37:42 Murder Holes
39:47 Iron Casting
42:05 Pikeman
42:45 Squires
43:14 Parthian Tactics
keyboard cat
10:50 Feudal Age
15:06 Castle Age
14:11 Loom
17:24 Double-Bit Axe
17:22 Horse Collar
25:33 Scale Mail Armor
25:43 Forging
31:07 Bow Saw
32:10 Chain Mail Armor
32:00 Heavy Plow
34:52 Wheelbarrow
37:43 Gold Mining
Connection lost

Rejoining the realm…

Still unreachable

The connection could not be restored.

Session expired

The server has moved on; the page needs a fresh start.